Arrhythmia, chaotic female vampiric Convict ----------------------------------------------------- |.........^.......................*..$.........'@...|u |.-------------.---...----------------------------..|## |.|----- --- |...|.......................d..|..|## |.||...| --...|..........[..<..........G....|## |.||...--- |..---.........*......%....)..%.|..|.# |.||.....| |..|.........%........%.........|..|.. |.|----%.| |..------------------------------..|-. |.| |..| |..... ...)...|... |.| |..| ------..--- -----..|.... |.-----..---|.......| ------ |..|..... |..%.*......|----.--- .....| |..|......% ------------|...|.| --.|.-------..|.....|)[ -------------%{.|.|---------------------.|..........|.....|.... |....%....).....|.-......................|-------------[.-----... |.---------------.|---------------------%|......................... |(.))..%....%%....| |.....................|........ ------------------- -------------------------------- Arrhythmia the Prisoner Experience level: 10 Strength: 16 Dexterity: 12 Constitution: 19 Intelligence: 10 Wisdom: 9 Charisma: 8 Health: 0(102) Energy: 56(56) AC: 10 Gold: 0 Moves: 6325 Your Inventory: Amulets W - an [uncursed] amulet called ESP [of ESP] (being worn) Comestibles D - an uncursed Hot Futa Mare Dick named Ward against boredom Wands V - a [blessed] wand called nohold [of make invisible (0:2)] Spells known in the end: Name Level Category Fail Memory Your skills at the end: Fighting Skills shield [Basic / Basic] Weapon Skills flail [Basic / Expert] sling [Basic / Skilled] Spellcasting Skills Final Attributes: You were piously aligned. Hunger level was 790. Your alignment was 39 / 41. Monster difficulty range was 1 - 10. Level difficulty was 10. You were immune to poison. You were immune to level-drain. You were immune to sickness. You were punished. You saw invisible. You were telepathic. You could fly. You could survive without air. You regenerated. Your luck was zero. You are dead. Vanquished creatures: a trapper a xan a pyrolisk a freezing sphere a flaming sphere a tengu a stone giant a watchman 2 cockatrices a lynx a panther a giant spider an orc mummy a yeti a lizard 3 chickatrices 2 dogs a dingo a housecat a dwarf lord a dust vortex a raven a snake a rope golem a snow ant 4 Mordor orcs an orc shaman a pony a fog cloud a yellow light 15 gnome lords 7 gnomish wizards a kobold mummy a guardian naga hatchling a paper golem a wax golem a giant ant 2 kittens 20 dwarves 2 kobold lords 2 kobold shamans a centipede a giant bat a monkey a wererat an iguana 4 killer bees an acid blob a coyote 8 hobbits 2 cave spiders 2 brown molds 2 yellow molds 2 green molds 76 gnomes a garter snake 2 jackals a fox a goblin 2 sewer rats 2 grid bugs 2 bats 3 lichens 2 newts 209 creatures vanquished. Voluntary challenges: You went without food. You never hit with a wielded weapon. You read items or engraved 6 times. You put on armor 17 times. You never genocided any monsters. You never polymorphed an object. You changed form 1 time. You used no wishes. You abstained from Elbereth's help. You never encountered a bones level. You never used any Sokoban shortcuts. Dungeon overview: The Dungeons of Doom: levels 1 to 2 Level 1 a long staircase Level 2 a fountain stairs to The Gnomish Mines The Gnomish Mines: levels 3 to 10 Level 3 stairs to The Dungeons of Doom Level 5 many shops, a temple, a magic chest, some fountains Level 8 (Magic trap) Level 10 <- You were here a fountain History has recorded: On T:1 you entered the Dungeons of Doom to retrieve the Amulet of Yendor! On T:644 you reached level 2 of The Dungeons of Doom. On T:649 you advanced to experience level 2. On T:800 you advanced to experience level 3. On T:905 you reached level 1 of The Gnomish Mines. On T:926 you advanced to experience level 4. On T:944 you advanced to experience level 5. On T:1105 you advanced to experience level 6. On T:1437 you reached level 2 of The Gnomish Mines. On T:1577 you advanced to experience level 7. On T:1776 you reached level 3 of The Gnomish Mines. On T:2989 you advanced to experience level 8. On T:3264 you reached level 4 of The Gnomish Mines. On T:4095 you reached level 5 of The Gnomish Mines. On T:4220 you advanced to experience level 9. On T:4600 you reached level 6 of The Gnomish Mines. On T:5141 you reached level 7 of The Gnomish Mines. On T:5543 you reached level 8 of The Gnomish Mines. On T:6017 you advanced to experience level 10. Latest messages: [2 turns] [HP+1=81] The flesh golem hits! (2x) [HP-11=70] [2 turns] [HP+1=71] [HP+1=72] [2 turns] [HP+1=73] [HP+1=74] [2 turns] [HP+1=75] The flesh golem hits! (2x) [HP-13=62] [2 turns] [HP+1=63] The flesh golem hits! (2x) [HP-19=44] The flesh golem hits! (2x) [HP-20=24] [HP+1=25] The flesh golem hits! (2x) You die... Final status: Goodbye Arrhythmia the Convict... You died in The Gnomish Mines on dungeon level 10 with 12144 points, and 0 pieces of gold, after 6325 moves. You were level 10 with a maximum of 102 hit points when you died.